 Dungeon Crawl Stone Soup version 0.31-a0-1338-gb567cfdca4 (webtiles) character file.

Game seed: 18378074194630265091

6 RepHenryClay the Sneak (level 1, 10/18 HPs)
             Began as a Demigod Delver on Dec 21, 2023.
             Quit the game on level 4 of the Dungeon.
             The game lasted 00:00:48 (47 turns).

RepHenryClay the Sneak (Demigod Delver)               Turns: 47, Time: 00:00:49

Health: 10/18      AC:  3    Str: 13    XL:     1   Next: 60%
Magic:  3/3        EV: 12    Int: 12    God:
Gold:   0          SH:  0    Dex: 15    Spells: 0/0 levels left

rFire   . . .        a - +0 hand axe
rCold   . . .        (no shield)
rNeg    . . .        b - +0 leather armour
rPois   .            (no helmet)
rElec   .            (no cloak)
rCorr   .            (no gloves)
SInv    .            (no boots)
Will    .....        (no amulet)
Stlth   +++          (no ring)
HPRegen 0.23/turn    (no ring)
MPRegen 0.08/turn

%: no passive effects
@: no status effects
A: high MP 1, forlorn, divine attributes
a: no special abilities


You were on level 4 of the Dungeon.
You visited 1 branch of the dungeon, and saw 2 of its levels.

Inventory:

Hand Weapons
 a - a +0 hand axe (weapon)
Armour
 b - a +0 leather armour (worn)
Wands
 g - a wand of digging (3)
Scrolls
 c - a scroll of fog
 d - a scroll of revelation
 e - a scroll of fear
Potions
 f - a potion of haste


   Skills:
 + Level 2.8 Fighting
 + Level 1.9 Axes
 + Level 1.9 Dodging
 + Level 4.6 Stealth


You couldn't memorise any spells.
You didn't know any spells.
Your spell library was empty.

Dungeon Overview and Level Annotations

Branches:
Dungeon (5/15)
 Temple: D:4-7


Innate Abilities, Weirdness & Mutations

You have an increased reservoir of magic. (+10% MP)
You shall have no god before yourself.
Your divine heritage dramatically boosts your attributes as you level up.


Message History

There is an opulent altar of Gozag here.
A being of your status worships no god.
Unknown command.
Press < or > to pray at altars.
The quokka barely misses you.
The kobold throws a stone.
The stone barely misses you.
The quokka bites you but does no damage.
You see here 2 gold pieces.
The goblin hits you but does no damage.
You hit the quokka.
The quokka is lightly wounded.
You closely miss the kobold. You hit the goblin.
The goblin hits you with a +0 dagger. The kobold barely misses you.
The quokka barely misses you.
Damage: -5%(-1hp) hp: 95%(17hp)
You hit the goblin.
You kill the goblin!
You barely miss the quokka. You barely miss the kobold.
The quokka barely misses you. The kobold barely misses you.
You hit the quokka.
The quokka is severely wounded.
You hit the kobold.
You kill the kobold!
You hit the goblin. The quokka bites you. The goblin barely misses you.
The quokka bites you. The goblin closely misses you.
Huge Dmg: -22%(-4hp) hp: 73%(13hp)
You hit the quokka.
You kill the quokka!
You hit the goblin.
You kill the goblin!
You hit the kobold.
You kill the kobold!
You hit the endoplasm.
The endoplasm is lightly wounded.
The endoplasm freezes you.
You are frozen.
Huge Dmg: -17%(-3hp) hp: 56%(10hp)
The endoplasm closely misses you. The endoplasm hits you.
Are you sure you want to abandon this character and quit the game? (Confirm with "yes".)

.. ######## #. ##......##
#. ##........## .##
#...(>.....# ..#
#..........# #.#
#..........# #.#
#.g........#
#####@######.....>....#
##.$$$J)..............##
#..$_$..#####..........#
......$$$#.# .............#
....................[.....#
....##...#..####..........#
... #...##.# #.........>#
.. ....# ..# #.......$.## .
##...# #.# .#.....


You could see an endoplasm.

Vanquished Creatures
  2 goblins (D:4)
  A quokka (D:4)
  2 kobolds (D:4)
5 creatures vanquished.

Notes
Turn   | Place    | Note
-------+----------+-------------------------------------------
     0 | D:5      | RepHenryClay the Demigod Delver began the quest for the
                  | Orb.
     0 | D:5      | Reached XP level 1. HP: 18/18 MP: 3/3
    47 | D:4      | Quit the game

Illustrated notes

Levels and vault maps discovered:
D:4:      layout_rooms, lemuel_crystal_altar, mainiacjoe_overflow_catwalk,
          nicolae_gozag_seed_capital, jmf_multi_god_temple,
          hangedman_abyss_or_decor_stagger
D:5:      layout_gridville, temple_green

Action                     || total
---------------------------++-------
  Melee: Hand axe          ||     6
 Armour: Leather armour    ||     9
  Dodge: Dodged            ||    14

Table legend: (Time is in decaauts)
 A = Elapsed time spent in this place.
 B = Non-inter-level travel time spent in this place.
 C = Inter-level travel time spent in this place.
 D = Time resting spent in this place.
 E = Time spent auto-exploring this place.
 F = Levels seen in this place.
 G = Mean time per level.
                   A        B        C        D        E       F      G
               +--------+--------+--------+--------+--------+-----+--------+
         Total |     48 |     48 |      0 |      0 |      0 |   2 |   24.0 |
       Dungeon |     48 |     48 |      0 |      0 |      0 |   2 |   24.0 |
               +--------+--------+--------+--------+--------+-----+--------+

Top non-repeatable levels by time:
     D:4: 27 daAuts
     D:5: 21 daAuts
